 Dungeon Crawl Stone Soup version 0.31-a0-1074-g0b22e4e0f1 (webtiles) character file.

Game seed: 16380940488375750767

138 sammy202020 the Covered (level 5, -2/47 HPs)
             Began as a Minotaur Fighter on Nov 26, 2023.
             Killed from afar by Natasha (6 damage)
             ... with a magic dart
             ... on level 2 of the Dungeon.
             The game lasted 00:03:28 (1796 turns).

sammy202020 the Covered (Minotaur Fighter)          Turns: 1796, Time: 00:03:29

Health: -2/47      AC:  0    Str: 20    XL:     5   Next: 1%
Magic:  4/4        EV: 13    Int:  7    God:
Gold:   260        SH:  0    Dex: 10    Spells: 4/4 levels left

rFire   . . .        a - melded +0 flail
rCold   . . .        c - melded +0 buckler
rNeg    . . .        e - melded +0 chain mail
rPois   .            (helmet currently unavailable)
rElec   .            (cloak currently unavailable)
rCorr   .            (gloves currently unavailable)
SInv    .            (boots currently unavailable)
Will    .....        (no amulet)
Stlth   +            h - melded ring of see invisible
HPRegen 0.27/turn    (ring currently unavailable)
MPRegen 0.09/turn

%: no passive effects
@: mighty, pig-form, very quick
A: fast, no casting, small, (horns 2), (retaliatory headbutt)
a: no special abilities


You were on level 2 of the Dungeon.
You were a filthy swine.
You visited 1 branch of the dungeon, and saw 2 of its levels.

You collected 260 gold pieces.

Inventory:

Hand Weapons
 a - a +0 flail (melded)
Missiles
 j - 18 stones
 l - 2 poisoned darts (quivered)
Armour
 c - a +0 buckler (melded)
 e - a +0 chain mail (melded)
Jewellery
 h - a ring of see invisible (melded)
Scrolls
 b - a scroll of enchant armour {unknown}
 g - a scroll of blinking {unknown}
 i - a scroll of revelation {unknown}
 k - 2 scrolls of identify {unknown}
 p - a scroll of teleportation {unknown}
 r - 3 scrolls of torment {unknown}
Potions
 d - 2 potions of might
 f - a potion of mutation {unknown}
 m - 2 potions of heal wounds {unknown}
 n - a potion of enlightenment {unknown}
 o - a potion of brilliance {unknown}
 q - a potion of attraction {unknown}


   Skills:
 * Level 4.4 Fighting
 * Level 3.6 Maces & Flails
 + Level 1.1 Throwing
 * Level 4.4 Armour
 + Level 1.2 Dodging
 * Level 4.4 Shields


You had 4 spell levels left.
You didn't know any spells.
Your spell library contained the following spells:

 Spells                   Type           Power      Damage    Failure   Level
 Necrotise                Necr           0%         1d4       43%         1
 Hailstorm                Conj/Ice       0%         3d3       80%         3
 Vampiric Draining        Necr           0%         2d6       80%         3
 Flame Wave               Conj/Fire      0%         2d4       99%         4
 Agony                    Necr           0%         N/A       100%        5


Dungeon Overview and Level Annotations

Branches:
Dungeon (2/15)

Altars:

Annotations:
D:2 Natasha


Innate Abilities, Weirdness & Mutations

You are a filthy swine.
You move quickly.
Your equipment is almost entirely melded.
You are incapable of wielding weapons or throwing items.
You cannot cast spells.
((You have a pair of horns on your head.))
((You reflexively headbutt those who attack you in melee.))


Message History

Your +0 chain mail melds into your body.
Your ring of see invisible melds into your body.
You closely miss Natasha.
The cerulean imp hits you from afar with a +4 spear!
Natasha misses you.
You miss Natasha.
The cerulean imp hits you from afar with a +4 spear!
Natasha mumbles some strange words.
Natasha's front paws start to glow.
Natasha claws you.
You closely miss Natasha. The cerulean imp misses you.
Natasha casts a spell.
You hit Natasha.
Natasha is moderately wounded.
The cerulean imp barely misses you. Natasha misses you.
You hit Natasha but do no damage.
Natasha is moderately wounded.
The cerulean imp misses you. The cerulean imp closely misses you.
You barely miss Natasha.
Natasha is moderately wounded.
Natasha mumbles some strange words.
You feel disoriented. Natasha claws you.
The cerulean imp hits you from afar with a +0 spear.
The cerulean imp hits you from afar with a +4 spear.
You feel very mighty all of a sudden.
Natasha casts a spell.
The cerulean imp barely misses you.
The cerulean imp hits you from afar with a +4 spear!
* * * LOW HITPOINT WARNING * * *
You bite Natasha!
Natasha is almost dead.
Natasha barely misses you. The cerulean imp barely misses you.
The cerulean imp hits you from afar with a +4 spear.
* * * LOW HITPOINT WARNING * * *
Natasha attacks as she pursues you! Natasha barely misses you.
Natasha casts a spell at you. The magic dart hits you.
You die...
Natasha curls up and begins to purr.

#.##........##..#..#...#...#
................#......###.#
................#.###..# #.#
................#†.....###.###
....#+###...........#........#
#.#....##.......55..######.#.#
..#....##.......h5..# #.#.#
.......##...........# #.#.#
.......###...#..h#########.#.#
...........###..........##.#.#
.............#...♣♣♣♣♣♣♣♣#.#.#
.............##.♣♣♣♣...P♣#.#.#
.............##...P..P♣....#.#
....#..#.....##.♣P..♣♣♣♣♣#.#.#
.....♣#♣##......♣♣♣♣♣♣♣♣##.#.#
...♣.....♣..............##.#.#
........................##.#)#


You could see Natasha and 3 cerulean imps.

Vanquished Creatures
  Natasha (twice) (D:2)
  4 adders (D:2)
  An adder zombie (D:2)
  A dart slug (D:1)
  2 bats
  2 endoplasms (D:2)
  2 giant cockroaches
  9 goblins
  5 hobgoblins
  2 jackals (D:1)
  A kobold (D:1)
  3 quokkas
  4 ball pythons
  2 ball python zombies (D:2)
  2 frilled lizards
  2 quokka skeletons (D:2)
  5 rats
  A spectral giant cockroach (D:2)
50 creatures vanquished.

Notes
Turn   | Place    | Note
-------+----------+-------------------------------------------
     0 | D:1      | sammy202020 the Minotaur Fighter began the quest for the
                  | Orb.
     0 | D:1      | Reached XP level 1. HP: 19/19 MP: 0/0
   180 | D:1      | Reached XP level 2. HP: 21/27 MP: 1/1
   371 | D:1      | Got Ducsuin's Writings on Bolts
   829 | D:2      | Reached XP level 3. HP: 32/33 MP: 2/2
  1061 | D:2      | Reached skill level 1 in Dodging
  1231 | D:2      | Reached XP level 4. HP: 40/40 MP: 3/3
  1652 | D:2      | Noticed Natasha
  1660 | D:2      | Killed Natasha
  1661 | D:2      | Reached skill level 1 in Throwing
  1712 | D:2      | Identified the +8 dagger of Dried Tears {pain, Str+3}
  1764 | D:2      | Noticed Natasha
  1772 | D:2      | Killed Natasha
  1773 | D:2      | Reached XP level 5. HP: 46/47 MP: 4/4
  1781 | D:2      | Noticed Natasha
  1796 | D:2      | Killed from afar by Natasha

Illustrated notes

Levels and vault maps discovered:
D:1:      roderic_dead_forest, layout_basic
D:2:      cheibrodos_greedy_goblins, layout_basic, serial_forest,
          infiniplex_forest_3_way, infiniplex_forest_clump_double,
          infiniplex_forest_zigzag_1, infiniplex_forest_clump_curved,
          infiniplex_forest_lined_ring, infiniplex_forest_lined_room_3,
          infiniplex_forest_zigzag_1, infiniplex_forest_straight_3,
          infiniplex_forest_clump_cross, dilly_guarded_unrand_morg

Skill      XL: |  1  2  3  4 |
---------------+-------------+-----
Armour         | 4 |  4.4
Shields        | 4 |  4.4
Fighting       | 4 |  4.4
Maces & Flails | 3 |  3.6
Dodging        | 1 |  1.2
Throwing       | 1 |  1.1

Action                     |  1- 3 |  4- 6 || total
---------------------------+-------+-------++-------
  Melee: Flail             |    77 |    36 ||   113
         Headbutt          |    14 |     5 ||    19
         Unarmed           |       |     7 ||     7
    Use: Potion            |       |     1 ||     1
 Armour: Scale mail        |    13 |       ||    13
         Chain mail        |    40 |    26 ||    66
         Skin              |       |     9 ||     9
  Dodge: Dodged            |    36 |    21 ||    57
  Block: Buckler           |    20 |     7 ||    27

Table legend: (Time is in decaauts)
 A = Elapsed time spent in this place.
 B = Non-inter-level travel time spent in this place.
 C = Inter-level travel time spent in this place.
 D = Time resting spent in this place.
 E = Time spent auto-exploring this place.
 F = Levels seen in this place.
 G = Mean time per level.
                   A        B        C        D        E       F      G
               +--------+--------+--------+--------+--------+-----+--------+
         Total |   1825 |   1755 |     70 |      0 |   1331 |   2 |  912.5 |
       Dungeon |   1825 |   1755 |     70 |      0 |   1331 |   2 |  912.5 |
               +--------+--------+--------+--------+--------+-----+--------+

Top non-repeatable levels by time:
     D:2: 999 daAuts
     D:1: 825 daAuts
